Workbook
Name __xlnm.Print_Area_1: #REF!
Name __xlnm.Print_Area_4: #REF!
Name __xlnm.Print_Titles_1: #REF!
Name _Comp: #REF!
Name A: #REF!
Name Area5: #REF!
Name Comp: #REF!
Name COMPOSICAO: #REF!
Name d: #REF!
Name PlanMO: #REF!

Sheet ORC. JD PARAÍSO
A1: PLANILHA ORÇAMENTÁRIA REDES DE INTERLIGAÇÃO E NOVA EEEB PARAÍSO - SERTÃOZINHO/SP
A2: ITEM | G2: S/ BDI | H2: BDI conforme acórdão 2369/2011 | J2: C/ BDI
A3: A | B3: =B11 -> SERVIÇOS GERAIS | G3: =G11 -> 13189.56 | J3: =J11 -> 16268.02 | P3: ADM | Q3: =#REF!/J7 -> #REF! | R3: <3%
A4: B | B4: =B18 -> REDES DE INTERLIGAÇÃO ENTRE O SISTEMA EXISTENTE E A NOVA EEEB | G4: =G18 -> 210817.25 | J4: =J18 -> 256398.99 | P4: PROJTEC | Q4: =#REF!/#REF! -> #REF! | R4: >2,5%
A5: C | B5: =B129 -> ESTAÇÃO ELEVATÓRIA DE ESGOTO BRUTO JARDIM PARAÍSO | G5: =G129 -> 1727314.7 | J5: =J129 -> 2045237.2 | P5: PROJTEC | Q5: =#REF!/#REF! -> #REF! | R5: >2,5%
A6: D | B6: =B419 -> LINHA DE RECALQUE ENTRE A EEEB NOVA E A EEEB ANTIGA | G6: =G419 -> 88898.49 | J6: =J419 -> 109647.55 | P6: PROJTEC | Q6: =#REF!/#REF! -> #REF! | R6: >2,5%
B7: TOTAL DA OBRA | G7: =SUM(G3:G6) -> 2040220 | J7: =SUM(J3:J6) -> 2427551.8 | K7: BOTA FORA | L7: 6 | M7: KM
A8: DATA BASE: SINAPI SET/2025 e CDHU 199 | F8: BDI - MATERIAL | G8: 0.1785 | K8: USINA DE ASFALTO | L8: 25 | M8: KM
F9: BDI - SERVIÇOS | G9: 0.2334 | K9: JAZIDA | L9: 8 | M9: KM | Q9: =#REF!*2.5% -> #REF!
A10: ITEM | B10: DESCRIÇÃO | C10: CÓDIGO | D10: UNID. | E10: QTDE. | F10: CUSTO UNITÁRIO (SEM BDI) - R$ | G10: CUSTO TOTAL R$ | H10: % BDI | I10: PREÇO UNITÁRIO C/ BDI (R$) | J10: PREÇO TOTAL C/ BDI (R$) | K10: MATERIAL TUBULAR OU EQUIP. ESPECIAL | Q10: =Q9/1.294 -> #REF!
A11: A | B11: SERVIÇOS GERAIS | G11: =SUM(G12) -> 13189.56 | J11: =SUM(J12) -> 16268.02 | Q11: 1860836.2
A12: 1 | B12: SERVIÇOS GERAIS | G12: =SUM(G17) -> 13189.56 | J12: =SUM(J17) -> 16268.02 | Q12: =Q11-J7 -> -566715.59
A13: 1.1 | B13: GERAL
A14: 1.1.1 | B14: =VLOOKUP(C14,'SI9.25+C199+D7.25+F7.25+SC7.25'!$A$2:$D$95560,2, FALSE) -> LOCACAO DE CONTAINER 2,30 X 6,00 M, ALT. 2,50 M, COM 1 SANITARIO, PARA ESCRITORIO, COMPLETO, SEM DIVISORIAS INTERNAS (NAO INCLUI MOBILIZACAO/DESMOBILIZACAO) | C14: 10775 | D14: =VLOOKUP(C14,'SI9.25+C199+D7.25+F7.25+SC7.25'!$A$2:$D$95560,3, FALSE) -> MES | E14: 5 | F14: =VLOOKUP(C14,'SI9.25+C199+D7.25+F7.25+SC7.25'!$A$2:$D$95600,4, FALSE) -> 847.5 | G14: =ROUND(E14*F14,2) -> 4237.5 | H14: =IF(K14="",$G$9,$G$8) -> 0.2334 | I14: =ROUND(F14*H14+F14,2) -> 1045.31 | J14: =ROUND(E14*I14,2) -> 5226.55
A15: 1.1.2 | B15: =VLOOKUP(C15,'SI9.25+C199+D7.25+F7.25+SC7.25'!$A$2:$D$95560,2, FALSE) -> LOCACAO DE CONTAINER 2,30 X 6,00 M, ALT. 2,50 M, PARA ESCRITORIO, SEM DIVISORIAS INTERNAS E SEM SANITARIO (NAO INCLUI MOBILIZACAO/DESMOBILIZACAO) | C15: 10776 | D15: =VLOOKUP(C15,'SI9.25+C199+D7.25+F7.25+SC7.25'!$A$2:$D$95560,3, FALSE) -> MES | E15: 5 | F15: =VLOOKUP(C15,'SI9.25+C199+D7.25+F7.25+SC7.25'!$A$2:$D$95600,4, FALSE) -> 662.1 | G15: =ROUND(E15*F15,2) -> 3310.5 | H15: =IF(K15="",$G$9,$G$8) -> 0.2334 | I15: =ROUND(F15*H15+F15,2) -> 816.63 | J15: =ROUND(E15*I15,2) -> 4083.15
A16: 1.1.3 | B16: =VLOOKUP(C16,'SI9.25+C199+D7.25+F7.25+SC7.25'!$A$2:$D$95560,2, FALSE) -> FORNECIMENTO E INSTALAÇÃO DE PLACA DE OBRA COM CHAPA GALVANIZADA E ESTRUTURA DE MADEIRA. AF_03/2022_PS | C16: 103689 | D16: =VLOOKUP(C16,'SI9.25+C199+D7.25+F7.25+SC7.25'!$A$2:$D$95560,3, FALSE) -> M2 | E16: =4*3 -> 12 | F16: =VLOOKUP(C16,'SI9.25+C199+D7.25+F7.25+SC7.25'!$A$2:$D$95600,4, FALSE) -> 470.13 | G16: =ROUND(E16*F16,2) -> 5641.56 | H16: =IF(K16="",$G$9,$G$8) -> 0.2334 | I16: =ROUND(F16*H16+F16,2) -> 579.86 | J16: =ROUND(E16*I16,2) -> 6958.32
B17: SUB-TOTAL | G17: =SUM(G14:G16) -> 13189.56 | J17: =SUM(J14:J16) -> 16268.02
A18: B | B18: REDES DE INTERLIGAÇÃO ENTRE O SISTEMA EXISTENTE E A NOVA EEEB | G18: =G19+G52+G101 -> 210817.25 | J18: =J19+J52+J101 -> 256398.99
A19: 2 | B19: REDES DE INTERLIGAÇÃO ENTRE O SISTEMA EXISTENTE E A NOVA EEEB - REDE DE INTERLIGAÇÃO 01 | G19: =G23+G31+G36+G39+G42+G46+G51 -> 52577.76 | J19: =J23+J31+J36+J39+J42+J46+J51 -> 63776.64
A20: 2.1 | B20: SERVIÇOS PRELIMINARES
A21: 2.1.1 | B21: =VLOOKUP(C21,'SI9.25+C199+D7.25+F7.25+SC7.25'!$A$2:$D$95560,2, FALSE) -> LIMPEZA MECANIZADA DE CAMADA VEGETAL, VEGETAÇÃO E PEQUENAS ÁRVORES (DIÂMETRO DE TRONCO MENOR QUE 0,20 M), COM TRATOR DE ESTEIRAS. AF_03/2024 | C21: 98525 | D21: =VLOOKUP(C21,'SI9.25+C199+D7.25+F7.25+SC7.25'!$A$2:$D$95560,3, FALSE) -> M2 | E21: =E22*3 -> 229.47 | F21: =VLOOKUP(C21,'SI9.25+C199+D7.25+F7.25+SC7.25'!$A$2:$D$95600,4, FALSE) -> 0.71 | G21: =ROUND(E21*F21,2) -> 162.92 | H21: =IF(K21="",$G$9,$G$8) -> 0.2334 | I21: =ROUND(F21*H21+F21,2) -> 0.88 | J21: =ROUND(E21*I21,2) -> 201.93 | L21: COMPRIMENTO TOTAL DO COLETOR * 3 m DE LARGURA
A22: 2.1.2 | B22: =VLOOKUP(C22,'SI9.25+C199+D7.25+F7.25+SC7.25'!$A$2:$D$95560,2, FALSE) -> LOCAÇÃO DE REDE DE ÁGUA OU ESGOTO. AF_03/2024 | C22: 99063 | D22: =VLOOKUP(C22,'SI9.25+C199+D7.25+F7.25+SC7.25'!$A$2:$D$95560,3, FALSE) -> M | E22: 76.49 | F22: =VLOOKUP(C22,'SI9.25+C199+D7.25+F7.25+SC7.25'!$A$2:$D$95600,4, FALSE) -> 10.91 | G22: =ROUND(E22*F22,2) -> 834.51 | H22: =IF(K22="",$G$9,$G$8) -> 0.2334 | I22: =ROUND(F22*H22+F22,2) -> 13.46 | J22: =ROUND(E22*I22,2) -> 1029.56 | L22: COMPRIMENTO TOTAL DO COLETOR
B23: SUB-TOTAL | G23: =SUM(G21:G22) -> 997.43 | J23: =SUM(J21:J22) -> 1231.49
A24: 2.2 | B24: MOVIMENTO DE TERRA
A25: 2.2.1 | B25: =VLOOKUP(C25,'SI9.25+C199+D7.25+F7.25+SC7.25'!$A$2:$D$95560,2, FALSE) -> ESCAVAÇÃO MECANIZADA DE VALA COM PROF. MAIOR QUE 3,0 M ATÉ 4,5 M (MÉDIA MONTANTE E JUSANTE/UMA COMPOSIÇÃO POR TRECHO), ESCAVADEIRA (1,2 M3), LARG. DE 1,5 M A 2,5 M, EM SOLO DE 1A CATEGORIA, LOCAIS COM BAIXO NÍVEL DE INTERFERÊNCIA. AF_09/2024 | C25: 90095 | D25: =VLOOKUP(C25,'SI9.25+C199+D7.25+F7.25+SC7.25'!$A$2:$D$95560,3, FALSE) -> M3 | E25: =E22*((2+3.5)/2)*1.5 -> 315.52125 | F25: =VLOOKUP(C25,'SI9.25+C199+D7.25+F7.25+SC7.25'!$A$2:$D$95600,4, FALSE) -> 5.96 | G25: =ROUND(E25*F25,2) -> 1880.51 | H25: =IF(K25="",$G$9,$G$8) -> 0.2334 | I25: =ROUND(F25*H25+F25,2) -> 7.35 | J25: =ROUND(E25*I25,2) -> 2319.08 | L25: COMPRIMENTO TOTAL DO COLETOR * ALTURA MÉDIA DA VALA * LARGURA DA VALA
A26: 2.2.2 | B26: =VLOOKUP(C26,'SI9.25+C199+D7.25+F7.25+SC7.25'!$A$2:$D$95560,2, FALSE) -> REATERRO MANUAL DE VALAS, COM COMPACTADOR DE SOLOS DE PERCUSSÃO. AF_08/2023 | C26: 93382 | D26: =VLOOKUP(C26,'SI9.25+C199+D7.25+F7.25+SC7.25'!$A$2:$D$95560,3, FALSE) -> M3 | E26: =E25*0.15 -> 47.328187 | F26: =VLOOKUP(C26,'SI9.25+C199+D7.25+F7.25+SC7.25'!$A$2:$D$95600,4, FALSE) -> 32.75 | G26: =ROUND(E26*F26,2) -> 1550 | H26: =IF(K26="",$G$9,$G$8) -> 0.2334 | I26: =ROUND(F26*H26+F26,2) -> 40.39 | J26: =ROUND(E26*I26,2) -> 1911.59 | L26: PARCELA DE REATERRO MANUAL ACIMA DA TUBULAÇÃO (15 cm) COM COMPACTAÇÃO MECANIZADA
A27: 2.2.3 | B27: =VLOOKUP(C27,'SI9.25+C199+D7.25+F7.25+SC7.25'!$A$2:$D$95560,2, FALSE) -> REATERRO MECANIZADO DE VALA COM ESCAVADEIRA HIDRÁULICA (CAPACIDADE DA CAÇAMBA: 0,8 M³/POTÊNCIA: 111 HP), LARGURA DE 1,5 A 2,5 M, PROFUNDIDADE DE 3,0 A 6,0 M, COM SOLO (SEM SUBSTITUIÇÃO) DE 1ª CATEGORIA, COM PLACA VIBRATÓRIA. AF_08/2023 | C27: 104732 | D27: =VLOOKUP(C27,'SI9.25+C199+D7.25+F7.25+SC7.25'!$A$2:$D$95560,3, FALSE) -> M3 | E27: =E25-E26-(E22*(PI()*(0.3^2))/4) -> 262.7863 | F27: =VLOOKUP(C27,'SI9.25+C199+D7.25+F7.25+SC7.25'!$A$2:$D$95600,4, FALSE) -> 10.93 | G27: =ROUND(E27*F27,2) -> 2872.25 | H27: =IF(K27="",$G$9,$G$8) -> 0.2334 | I27: =ROUND(F27*H27+F27,2) -> 13.48 | J27: =ROUND(E27*I27,2) -> 3542.36 | L27: REATERRO ACIMA DA TUBULAÇÃO DESCONTANDO-SE LASTROS E EMBASAMENTO
A28: 2.2.4 | B28: =VLOOKUP(C28,'SI9.25+C199+D7.25+F7.25+SC7.25'!$A$2:$D$95560,2, FALSE) -> CARGA, MANOBRA E DESCARGA DE SOLOS E MATERIAIS GRANULARES EM CAMINHÃO BASCULANTE 6 M³ - CARGA COM ESCAVADEIRA HIDRÁULICA (CAÇAMBA DE 1,20 M³ / 155 HP) E DESCARGA LIVRE (UNIDADE: M3). AF_07/2020 | C28: 100977 | D28: =VLOOKUP(C28,'SI9.25+C199+D7.25+F7.25+SC7.25'!$A$2:$D$95560,3, FALSE) -> M3 | E28: =E25-E26-E27 -> 5.4067595 | F28: =VLOOKUP(C28,'SI9.25+C199+D7.25+F7.25+SC7.25'!$A$2:$D$95600,4, FALSE) -> 8.24 | G28: =ROUND(E28*F28,2) -> 44.55 | H28: =IF(K28="",$G$9,$G$8) -> 0.2334 | I28: =ROUND(F28*H28+F28,2) -> 10.16 | J28: =ROUND(E28*I28,2) -> 54.93 | L28: TOTAL ESCAVADO MENOS O TOTAL REATERRADO
A29: 2.2.5 | B29: =VLOOKUP(C29,'SI9.25+C199+D7.25+F7.25+SC7.25'!$A$2:$D$95560,2, FALSE) -> TRANSPORTE COM CAMINHÃO BASCULANTE DE 6 M³, EM VIA URBANA PAVIMENTADA, DMT ATÉ 30 KM (UNIDADE: M3XKM). AF_07/2020 | C29: 97914 | D29: =VLOOKUP(C29,'SI9.25+C199+D7.25+F7.25+SC7.25'!$A$2:$D$95560,3, FALSE) -> M3XKM | E29: =E28*L7 -> 32.440557 | F29: =VLOOKUP(C29,'SI9.25+C199+D7.25+F7.25+SC7.25'!$A$2:$D$95600,4, FALSE) -> 3.1 | G29: =ROUND(E29*F29,2) -> 100.57 | H29: =IF(K29="",$G$9,$G$8) -> 0.2334 | I29: =ROUND(F29*H29+F29,2) -> 3.82 | J29: =ROUND(E29*I29,2) -> 123.92 | L29: TOTAL CARREGADO * DISTANCIA DO BOTA FORA
A30: 2.2.6 | B30: =VLOOKUP(C30,'SI9.25+C199+D7.25+F7.25+SC7.25'!$A$2:$D$95560,2, FALSE) -> ESPALHAMENTO DE MATERIAL COM TRATOR DE ESTEIRAS. AF_09/2024 | C30: 100574 | D30: =VLOOKUP(C30,'SI9.25+C199+D7.25+F7.25+SC7.25'!$A$2:$D$95560,3, FALSE) -> M3 | E30: =E28 -> 5.4067595 | F30: =VLOOKUP(C30,'SI9.25+C199+D7.25+F7.25+SC7.25'!$A$2:$D$95600,4, FALSE) -> 1.5 | G30: =ROUND(E30*F30,2) -> 8.11 | H30: =IF(K30="",$G$9,$G$8) -> 0.2334 | I30: =ROUND(F30*H30+F30,2) -> 1.85 | J30: =ROUND(E30*I30,2) -> 10 | L30: TOTAL CARREGADO
B31: SUB-TOTAL | G31: =SUM(G25:G30) -> 6455.99 | J31: =SUM(J25:J30) -> 7961.88
A32: 2.3 | B32: EMBASAMENTO
A33: 2.3.1 | B33: =VLOOKUP(C33,'SI9.25+C199+D7.25+F7.25+SC7.25'!$A$2:$D$95560,2, FALSE) -> AREIA PARA ATERRO - POSTO JAZIDA/FORNECEDOR (RETIRADO NA JAZIDA, SEM TRANSPORTE) | C33: 368 | D33: =VLOOKUP(C33,'SI9.25+C199+D7.25+F7.25+SC7.25'!$A$2:$D$95560,3, FALSE) -> M3 | E33: =E22*0.05*1 -> 3.8245 | F33: =VLOOKUP(C33,'SI9.25+C199+D7.25+F7.25+SC7.25'!$A$2:$D$95600,4, FALSE) -> 42.5 | G33: =ROUND(E33*F33,2) -> 162.54 | H33: =IF(K33="",$G$9,$G$8) -> 0.2334 | I33: =ROUND(F33*H33+F33,2) -> 52.42 | J33: =ROUND(E33*I33,2) -> 200.48
A34: 2.3.2 | B34: =VLOOKUP(C34,'SI9.25+C199+D7.25+F7.25+SC7.25'!$A$2:$D$95560,2, FALSE) -> CARGA, MANOBRA E DESCARGA DE SOLOS E MATERIAIS GRANULARES EM CAMINHÃO BASCULANTE 6 M³ - CARGA COM ESCAVADEIRA HIDRÁULICA (CAÇAMBA DE 1,20 M³ / 155 HP) E DESCARGA LIVRE (UNIDADE: M3). AF_07/2020 | C34: 100977 | D34: =VLOOKUP(C34,'SI9.25+C199+D7.25+F7.25+SC7.25'!$A$2:$D$95560,3, FALSE) -> M3 | E34: =E33 -> 3.8245 | F34: =VLOOKUP(C34,'SI9.25+C199+D7.25+F7.25+SC7.25'!$A$2:$D$95600,4, FALSE) -> 8.24 | G34: =ROUND(E34*F34,2) -> 31.51 | H34: =IF(K34="",$G$9,$G$8) -> 0.2334 | I34: =ROUND(F34*H34+F34,2) -> 10.16 | J34: =ROUND(E34*I34,2) -> 38.86 | L34: TOTAL DE AREIA CARREGADO NA JAZIDA (ESP = 5 cm)
A35: 2.3.3 | B35: =VLOOKUP(C35,'SI9.25+C199+D7.25+F7.25+SC7.25'!$A$2:$D$95560,2, FALSE) -> TRANSPORTE COM CAMINHÃO BASCULANTE DE 6 M³, EM VIA URBANA PAVIMENTADA, DMT ATÉ 30 KM (UNIDADE: M3XKM). AF_07/2020 | C35: 97914 | D35: =VLOOKUP(C35,'SI9.25+C199+D7.25+F7.25+SC7.25'!$A$2:$D$95560,3, FALSE) -> M3XKM | E35: =E34*L9 -> 30.596 | F35: =VLOOKUP(C35,'SI9.25+C199+D7.25+F7.25+SC7.25'!$A$2:$D$95600,4, FALSE) -> 3.1 | G35: =ROUND(E35*F35,2) -> 94.85 | H35: =IF(K35="",$G$9,$G$8) -> 0.2334 | I35: =ROUND(F35*H35+F35,2) -> 3.82 | J35: =ROUND(E35*I35,2) -> 116.88 | L35: TOTAL CARREGADO * DISTÂNCIA A PARTIR DA JAZIDA
B36: SUB-TOTAL | G36: =SUM(G33:G35) -> 288.9 | J36: =SUM(J33:J35) -> 356.22
A37: 2.4 | B37: ESCORAMENTO
A38: 2.4.1 | B38: =VLOOKUP(C38,'SI9.25+C199+D7.25+F7.25+SC7.25'!$A$2:$D$95560,2, FALSE) -> ESCORAMENTO DE VALA, TIPO DESCONTÍNUO, COM PROFUNDIDADE DE 3,0 A 4,5 M, LARGURA MAIOR OU IGUAL A 1,5 E MENOR QUE 2,5 M. AF_08/2020 | C38: 101581 | D38: =VLOOKUP(C38,'SI9.25+C199+D7.25+F7.25+SC7.25'!$A$2:$D$95560,3, FALSE) -> M2 | E38: =E22*2*((2+3.5)/2) -> 420.695 | F38: =VLOOKUP(C38,'SI9.25+C199+D7.25+F7.25+SC7.25'!$A$2:$D$95600,4, FALSE) -> 47.85 | G38: =ROUND(E38*F38,2) -> 20130.26 | H38: =IF(K38="",$G$9,$G$8) -> 0.2334 | I38: =ROUND(F38*H38+F38,2) -> 59.02 | J38: =ROUND(E38*I38,2) -> 24829.42 | L38: COMPRIMENTO TOTAL DO COLETOR * PROFUNDIDADE MÉDIA DA VALA * 2 LADOS DA VALA
B39: SUB-TOTAL | G39: =SUM(G38:G38) -> 20130.26 | J39: =SUM(J38) -> 24829.42
A40: 2.5 | B40: ESGOTAMENTO
A41: 2.5.1 | B41: =VLOOKUP(C41,'SI9.25+C199+D7.25+F7.25+SC7.25'!$A$2:$D$95560,2, FALSE) -> LOCACAO DE BOMBA SUBMERSIVEL PARA DRENAGEM E ESGOTAMENTO, MOTOR ELETRICO TRIFASICO, POTENCIA DE 1 CV, DIAMETRO DE RECALQUE DE 2". FAIXA DE OPERACAO Q=25 M3/H (+ OU - 1 M3/H) E AMT=2 M, Q=12 M3/H (+ OU - 2 M3/H) E AMT = 12 M (+ OU - 2 M) | C41: 4084 | D41: =VLOOKUP(C41,'SI9.25+C199+D7.25+F7.25+SC7.25'!$A$2:$D$95560,3, FALSE) -> H | E41: =10*24*3 -> 720 | F41: =VLOOKUP(C41,'SI9.25+C199+D7.25+F7.25+SC7.25'!$A$2:$D$95600,4, FALSE) -> 2.48 | G41: =ROUND(E41*F41,2) -> 1785.6 | H41: =IF(K41="",$G$9,$G$8) -> 0.2334 | I41: =ROUND(F41*H41+F41,2) -> 3.06 | J41: =ROUND(E41*I41,2) -> 2203.2 | L41: 10 DIAS DE OBRA * BOMBEAMENTO DO LENÇOL 24 HORAS POR DIA * 3 EQUIPAMENTOS
B42: SUB-TOTAL | G42: =SUM(G41:G41) -> 1785.6 | J42: =SUM(J41:J41) -> 2203.2
A43: 2.6 | B43: HIDRÁULICA
A44: 2.6.1 | B44: =VLOOKUP(C44,'SI9.25+C199+D7.25+F7.25+SC7.25'!$A$2:$D$95560,2, FALSE) -> Tubo PVC rígido, tipo Coletor Esgoto, junta elástica, DN= 300 mm, inclusive conexões | C44: 46.05.070 | D44: =VLOOKUP(C44,'SI9.25+C199+D7.25+F7.25+SC7.25'!$A$2:$D$95560,3, FALSE) -> M | E44: =E22 -> 76.49 | F44: =VLOOKUP(C44,'SI9.25+C199+D7.25+F7.25+SC7.25'!$A$2:$D$95600,4, FALSE) -> 255.77 | G44: =ROUND(E44*F44,2) -> 19563.85 | H44: =IF(K44="",$G$9,$G$8) -> 0.1785 | I44: =ROUND(F44*H44+F44,2) -> 301.42 | J44: =ROUND(E44*I44,2) -> 23055.62 | K44: * | L44: COMPRIMENTO TOTAL DO COLETOR DN 300
A45: 2.6.2 | B45: =VLOOKUP(C45,'SI9.25+C199+D7.25+F7.25+SC7.25'!$A$2:$D$95560,2, FALSE) -> ASSENTAMENTO DE TUBO DE PVC DEFOFO OU PRFV OU RPVC PARA REDE DE ÁGUA, DN 300 MM, JUNTA ELÁSTICA INTEGRADA, INSTALADO EM LOCAL COM NÍVEL BAIXO DE INTERFERÊNCIAS (NÃO INCLUI FORNECIMENTO). AF_05/2024 | C45: 97137 | D45: =VLOOKUP(C45,'SI9.25+C199+D7.25+F7.25+SC7.25'!$A$2:$D$95560,3, FALSE) -> M | E45: =E44 -> 76.49 | F45: =VLOOKUP(C45,'SI9.25+C199+D7.25+F7.25+SC7.25'!$A$2:$D$95600,4, FALSE) -> 12.52 | G45: =ROUND(E45*F45,2) -> 957.65 | H45: =IF(K45="",$G$9,$G$8) -> 0.2334 | I45: =ROUND(F45*H45+F45,2) -> 15.44 | J45: =ROUND(E45*I45,2) -> 1181.01 | L45: COMPRIMENTO TOTAL DO COLETOR DN 300
B46: SUB-TOTAL | G46: =SUM(G44:G45) -> 20521.5 | J46: =SUM(J44:J45) -> 24236.63
A47: 2.7 | B47: PV's
A48: 2.7.1 | B48: =VLOOKUP(C48,'SI9.25+C199+D7.25+F7.25+SC7.25'!$A$2:$D$95560,2, FALSE) -> BASE PARA POÇO DE VISITA CIRCULAR PARA ESGOTO, EM CONCRETO PRÉ-MOLDADO, DIÂMETRO INTERNO = 1,0 M, PROFUNDIDADE = 1,35 M, EXCLUINDO TAMPÃO. AF_12/2020 | C48: 98410 | D48: =VLOOKUP(C48,'SI9.25+C199+D7.25+F7.25+SC7.25'!$A$2:$D$95560,3, FALSE) -> UN | E48: 1 | F48: =VLOOKUP(C48,'SI9.25+C199+D7.25+F7.25+SC7.25'!$A$2:$D$95600,4, FALSE) -> 1321.28 | G48: =ROUND(E48*F48,2) -> 1321.28 | H48: =IF(K48="",$G$9,$G$8) -> 0.2334 | I48: =ROUND(F48*H48+F48,2) -> 1629.67 | J48: =ROUND(E48*I48,2) -> 1629.67
A49: 2.7.2 | B49: =VLOOKUP(C49,'SI9.25+C199+D7.25+F7.25+SC7.25'!$A$2:$D$95560,2, FALSE) -> ACRÉSCIMO PARA POÇO DE VISITA CIRCULAR PARA DRENAGEM, EM CONCRETO PRÉ-MOLDADO, DIÂMETRO INTERNO = 1 M. AF_12/2020 | C49: 99288 | D49: =VLOOKUP(C49,'SI9.25+C199+D7.25+F7.25+SC7.25'!$A$2:$D$95560,3, FALSE) -> M | E49: =2-1.35 -> 0.65 | F49: =VLOOKUP(C49,'SI9.25+C199+D7.25+F7.25+SC7.25'!$A$2:$D$95600,4, FALSE) -> 598.31 | G49: =ROUND(E49*F49,2) -> 388.9 | H49: =IF(K49="",$G$9,$G$8) -> 0.2334 | I49: =ROUND(F49*H49+F49,2) -> 737.96 | J49: =ROUND(E49*I49,2) -> 479.67
A50: 2.7.3 | B50: =VLOOKUP(C50,'SI9.25+C199+D7.25+F7.25+SC7.25'!$A$2:$D$95560,2, FALSE) -> TAMPAO FOFO ARTICULADO, COM BASE / REQUADRO, CLASSE D400 CARGA MAX 40 T, REDONDO, TAMPA 600 MM (COM INSCRICAO EM RELEVO DO TIPO DE REDE) | C50: 21090 | D50: =VLOOKUP(C50,'SI9.25+C199+D7.25+F7.25+SC7.25'!$A$2:$D$95560,3, FALSE) -> UN | E50: =E48 -> 1 | F50: =VLOOKUP(C50,'SI9.25+C199+D7.25+F7.25+SC7.25'!$A$2:$D$95600,4, FALSE) -> 687.9 | G50: =ROUND(E50*F50,2) -> 687.9 | H50: =IF(K50="",$G$9,$G$8) -> 0.2334 | I50: =ROUND(F50*H50+F50,2) -> 848.46 | J50: =ROUND(E50*I50,2) -> 848.46
B51: SUB-TOTAL | G51: =SUM(G48:G50) -> 2398.08 | J51: =SUM(J48:J50) -> 2957.8
A52: 3 | B52: REDES DE INTERLIGAÇÃO ENTRE O SISTEMA EXISTENTE E A NOVA EEEB - REDE DE INTERLIGAÇÃO 02 | G52: =G60+G68+G76+G81+G84+G87+G93+G100 -> 144453.29 | J52: =J60+J68+J76+J81+J84+J87+J93+J100 -> 176084.1
A53: 3.1 | B53: SERVIÇOS PRELIMINARES
A54: 3.1.1 | B54: =VLOOKUP(C54,'SI9.25+C199+D7.25+F7.25+SC7.25'!$A$2:$D$95560,2, FALSE) -> DEMOLIÇÃO PARCIAL DE PAVIMENTO ASFÁLTICO, DE FORMA MECANIZADA, SEM REAPROVEITAMENTO. AF_09/2023 | C54: 97636 | D54: =VLOOKUP(C54,'SI9.25+C199+D7.25+F7.25+SC7.25'!$A$2:$D$95560,3, FALSE) -> M2 | E54: =58.14*2 -> 116.28 | F54: =VLOOKUP(C54,'SI9.25+C199+D7.25+F7.25+SC7.25'!$A$2:$D$95600,4, FALSE) -> 25.28 | G54: =ROUND(E54*F54,2) -> 2939.56 | H54: =IF(K54="",$G$9,$G$8) -> 0.2334 | I54: =ROUND(F54*H54+F54,2) -> 31.18 | J54: =ROUND(E54*I54,2) -> 3625.61 | L54: COMPRIMENTO DE COLETOR A SER EXECUTADO NO TRECHO COM ASFALTO EXISTENTE * 2 m DE LARGURA
A55: 3.1.2 | B55: =VLOOKUP(C55,'SI9.25+C199+D7.25+F7.25+SC7.25'!$A$2:$D$95560,2, FALSE) -> CARGA, MANOBRA E DESCARGA DE ENTULHO EM CAMINHÃO BASCULANTE 6 M³ - CARGA COM ESCAVADEIRA HIDRÁULICA (CAÇAMBA DE 0,80 M³ / 111 HP) E DESCARGA LIVRE (UNIDADE: M3). AF_07/2020 | C55: 100981 | D55: =VLOOKUP(C55,'SI9.25+C199+D7.25+F7.25+SC7.25'!$A$2:$D$95560,3, FALSE) -> M3 | E55: =E54*0.15 -> 17.442 | F55: =VLOOKUP(C55,'SI9.25+C199+D7.25+F7.25+SC7.25'!$A$2:$D$95600,4, FALSE) -> 10 | G55: =ROUND(E55*F55,2) -> 174.42 | H55: =IF(K55="",$G$9,$G$8) -> 0.2334 | I55: =ROUND(F55*H55+F55,2) -> 12.33 | J55: =ROUND(E55*I55,2) -> 215.06 | L55: ÁREA TOTAL DEMOLIDA * 15 CM DE ESPESSURA
A56: 3.1.3 | B56: =VLOOKUP(C56,'SI9.25+C199+D7.25+F7.25+SC7.25'!$A$2:$D$95560,2, FALSE) -> TRANSPORTE COM CAMINHÃO BASCULANTE DE 6 M³, EM VIA URBANA PAVIMENTADA, DMT ATÉ 30 KM (UNIDADE: M3XKM). AF_07/2020 | C56: 97914 | D56: =VLOOKUP(C56,'SI9.25+C199+D7.25+F7.25+SC7.25'!$A$2:$D$95560,3, FALSE) -> M3XKM | E56: =E55*L7 -> 104.652 | F56: =VLOOKUP(C56,'SI9.25+C199+D7.25+F7.25+SC7.25'!$A$2:$D$95600,4, FALSE) -> 3.1 | G56: =ROUND(E56*F56,2) -> 324.42 | H56: =IF(K56="",$G$9,$G$8) -> 0.2334 | I56: =ROUND(F56*H56+F56,2) -> 3.82 | J56: =ROUND(E56*I56,2) -> 399.77 | L56: VOLUME TOTAL DEMOLIDO * DISTANCIA DO BOTA-FORA
A57: 3.1.4 | B57: =VLOOKUP(C57,'SI9.25+C199+D7.25+F7.25+SC7.25'!$A$2:$D$95560,2, FALSE) -> LIMPEZA MECANIZADA DE CAMADA VEGETAL, VEGETAÇÃO E PEQUENAS ÁRVORES (DIÂMETRO DE TRONCO MENOR QUE 0,20 M), COM TRATOR DE ESTEIRAS. AF_03/2024 | C57: 98525 | D57: =VLOOKUP(C57,'SI9.25+C199+D7.25+F7.25+SC7.25'!$A$2:$D$95560,3, FALSE) -> M2 | E57: =132.1*3 -> 396.3 | F57: =VLOOKUP(C57,'SI9.25+C199+D7.25+F7.25+SC7.25'!$A$2:$D$95600,4, FALSE) -> 0.71 | G57: =ROUND(E57*F57,2) -> 281.37 | H57: =IF(K57="",$G$9,$G$8) -> 0.2334 | I57: =ROUND(F57*H57+F57,2) -> 0.88 | J57: =ROUND(E57*I57,2) -> 348.74 | L57: COMPRIMENTO TOTAL DO COLETOR - COMPRIMENTO PELA MARGEM DO CÓRREGO * 3 m DE LARGURA
A58: 3.1.5 | B58: =VLOOKUP(C58,'SI9.25+C199+D7.25+F7.25+SC7.25'!$A$2:$D$95560,2, FALSE) -> ESPALHAMENTO DE MATERIAL COM TRATOR DE ESTEIRAS. AF_09/2024 | C58: 100574 | D58: =VLOOKUP(C58,'SI9.25+C199+D7.25+F7.25+SC7.25'!$A$2:$D$95560,3, FALSE) -> M3 | E58: =E57*0.25 -> 99.075 | F58: =VLOOKUP(C58,'SI9.25+C199+D7.25+F7.25+SC7.25'!$A$2:$D$95600,4, FALSE) -> 1.5 | G58: =ROUND(E58*F58,2) -> 148.61 | H58: =IF(K58="",$G$9,$G$8) -> 0.2334 | I58: =ROUND(F58*H58+F58,2) -> 1.85 | J58: =ROUND(E58*I58,2) -> 183.29 | L58: VOLUME TOTAL DEMOLIDO
A59: 3.1.6 | B59: =VLOOKUP(C59,'SI9.25+C199+D7.25+F7.25+SC7.25'!$A$2:$D$95560,2, FALSE) -> LOCAÇÃO DE REDE DE ÁGUA OU ESGOTO. AF_03/2024 | C59: 99063 | D59: =VLOOKUP(C59,'SI9.25+C199+D7.25+F7.25+SC7.25'!$A$2:$D$95560,3, FALSE) -> M | E59: =48.58+99.43+43.17+9.96 -> 201.14 | F59: =VLOOKUP(C59,'SI9.25+C199+D7.25+F7.25+SC7.25'!$A$2:$D$95600,4, FALSE) -> 10.91 | G59: =ROUND(E59*F59,2) -> 2194.44 | H59: =IF(K59="",$G$9,$G$8) -> 0.2334 | I59: =ROUND(F59*H59+F59,2) -> 13.46 | J59: =ROUND(E59*I59,2) -> 2707.34 | L59: COMPRIMENTO TOTAL DO COLETOR
B60: SUB-TOTAL | G60: =SUM(G54:G59) -> 6062.82 | J60: =SUM(J54:J59) -> 7479.81
A61: 3.2 | B61: RECONSTITUIÇÃO DE ASFALTO
A62: 3.2.1 | B62: =VLOOKUP(C62,'SI9.25+C199+D7.25+F7.25+SC7.25'!$A$2:$D$95560,2, FALSE) -> RECONSTRUÇÃO DE BASE E SUB-BASE PARA PAVIMENTAÇÃO DE BRITA GRADUADA SIMPLES TRATADA COM CIMENTO, COM ESPESSURA DE 15 CM - EXCLUSIVE CARGA E TRANSPORTE. AF_09/2024 | C62: 105734 | D62: =VLOOKUP(C62,'SI9.25+C199+D7.25+F7.25+SC7.25'!$A$2:$D$95560,3, FALSE) -> M3 | E62: =E54*0.15 -> 17.442 | F62: =VLOOKUP(C62,'SI9.25+C199+D7.25+F7.25+SC7.25'!$A$2:$D$95600,4, FALSE) -> 201.03 | G62: =ROUND(E62*F62,2) -> 3506.37 | H62: =IF(K62="",$G$9,$G$8) -> 0.2334 | I62: =ROUND(F62*H62+F62,2) -> 247.95 | J62: =ROUND(E62*I62,2) -> 4324.74 | L62: ÁREA TOTAL DEMOLIDA * 15 cm DE ESPESSURA DE RECONSTITUIÇÃO
A63: 3.2.2 | B63: =VLOOKUP(C63,'SI9.25+C199+D7.25+F7.25+SC7.25'!$A$2:$D$95560,2, FALSE) -> CARGA, MANOBRA E DESCARGA DE SOLOS E MATERIAIS GRANULARES EM CAMINHÃO BASCULANTE 6 M³ - CARGA COM ESCAVADEIRA HIDRÁULICA (CAÇAMBA DE 1,20 M³ / 155 HP) E DESCARGA LIVRE (UNIDADE: M3). AF_07/2020 | C63: 100977 | D63: =VLOOKUP(C63,'SI9.25+C199+D7.25+F7.25+SC7.25'!$A$2:$D$95560,3, FALSE) -> M3 | E63: =E62 -> 17.442 | F63: =VLOOKUP(C63,'SI9.25+C199+D7.25+F7.25+SC7.25'!$A$2:$D$95600,4, FALSE) -> 8.24 | G63: =ROUND(E63*F63,2) -> 143.72 | H63: =IF(K63="",$G$9,$G$8) -> 0.2334 | I63: =ROUND(F63*H63+F63,2) -> 10.16 | J63: =ROUND(E63*I63,2) -> 177.21 | L63: VOLUME RECONSTITUÍDO x DISTÂNCIA A PARTIR DA JAZIDA
A64: 3.2.3 | B64: =VLOOKUP(C64,'SI9.25+C199+D7.25+F7.25+SC7.25'!$A$2:$D$95560,2, FALSE) -> TRANSPORTE COM CAMINHÃO BASCULANTE DE 6 M³, EM VIA URBANA PAVIMENTADA, DMT ATÉ 30 KM (UNIDADE: M3XKM). AF_07/2020 | C64: 97914 | D64: =VLOOKUP(C64,'SI9.25+C199+D7.25+F7.25+SC7.25'!$A$2:$D$95560,3, FALSE) -> M3XKM | E64: =E63*L9 -> 139.536 | F64: =VLOOKUP(C64,'SI9.25+C199+D7.25+F7.25+SC7.25'!$A$2:$D$95600,4, FALSE) -> 3.1 | G64: =ROUND(E64*F64,2) -> 432.56 | H64: =IF(K64="",$G$9,$G$8) -> 0.2334 | I64: =ROUND(F64*H64+F64,2) -> 3.82 | J64: =ROUND(E64*I64,2) -> 533.03
A65: 3.2.4 | B65: =VLOOKUP(C65,'SI9.25+C199+D7.25+F7.25+SC7.25'!$A$2:$D$95560,2, FALSE) -> Camada de rolamento em concreto betuminoso usinado quente - CBUQ | C65: 54.03.210 | D65: =VLOOKUP(C65,'SI9.25+C199+D7.25+F7.25+SC7.25'!$A$2:$D$95560,3, FALSE) -> M3 | E65: =E54*0.05 -> 5.814 | F65: =VLOOKUP(C65,'SI9.25+C199+D7.25+F7.25+SC7.25'!$A$2:$D$95600,4, FALSE) -> 1535.89 | G65: =ROUND(E65*F65,2) -> 8929.66 | H65: =IF(K65="",$G$9,$G$8) -> 0.2334 | I65: =ROUND(F65*H65+F65,2) -> 1894.37 | J65: =ROUND(E65*I65,2) -> 11013.87 | L65: ÁREA TOTAL DEMOLIDA * 5 cm DE ESPESSURA DA CAPA
A66: 3.2.5 | B66: =VLOOKUP(C66,'SI9.25+C199+D7.25+F7.25+SC7.25'!$A$2:$D$95560,2, FALSE) -> Imprimação betuminosa ligante | C66: 54.03.230 | D66: =VLOOKUP(C66,'SI9.25+C199+D7.25+F7.25+SC7.25'!$A$2:$D$95560,3, FALSE) -> M2 | E66: =E54 -> 116.28 | F66: =VLOOKUP(C66,'SI9.25+C199+D7.25+F7.25+SC7.25'!$A$2:$D$95600,4, FALSE) -> 6.64 | G66: =ROUND(E66*F66,2) -> 772.1 | H66: =IF(K66="",$G$9,$G$8) -> 0.2334 | I66: =ROUND(F66*H66+F66,2) -> 8.19 | J66: =ROUND(E66*I66,2) -> 952.33 | L66: ÁREA TOTAL RECONSTITUIDA
A67: 3.2.6 | B67: =VLOOKUP(C67,'SI9.25+C199+D7.25+F7.25+SC7.25'!$A$2:$D$95560,2, FALSE) -> Imprimação betuminosa impermeabilizante | C67: 54.03.240 | D67: =VLOOKUP(C67,'SI9.25+C199+D7.25+F7.25+SC7.25'!$A$2:$D$95560,3, FALSE) -> M2 | E67: =E54 -> 116.28 | F67: =VLOOKUP(C67,'SI9.25+C199+D7.25+F7.25+SC7.25'!$A$2:$D$95600,4, FALSE) -> 13.27 | G67: =ROUND(E67*F67,2) -> 1543.04 | H67: =IF(K67="",$G$9,$G$8) -> 0.2334 | I67: =ROUND(F67*H67+F67,2) -> 16.37 | J67: =ROUND(E67*I67,2) -> 1903.5 | L67: ÁREA TOTAL RECONSTITUIDA
B68: SUB-TOTAL | G68: =SUM(G62:G67) -> 15327.45 | J68: =SUM(J62:J67) -> 18904.68
A69: 3.3 | B69: MOVIMENTO DE TERRA
A70: 3.3.1 | B70: =VLOOKUP(C70,'SI9.25+C199+D7.25+F7.25+SC7.25'!$A$2:$D$95560,2, FALSE) -> ESCAVAÇÃO MECANIZADA DE VALA COM PROF. MAIOR QUE 3,0 M ATÉ 4,5 M (MÉDIA MONTANTE E JUSANTE/UMA COMPOSIÇÃO POR TRECHO), ESCAVADEIRA (1,2 M3), LARG. DE 1,5 M A 2,5 M, EM SOLO DE 1A CATEGORIA, LOCAIS COM BAIXO NÍVEL DE INTERFERÊNCIA. AF_09/2024 | C70: 90095 | D70: =VLOOKUP(C70,'SI9.25+C199+D7.25+F7.25+SC7.25'!$A$2:$D$95560,3, FALSE) -> M3 | E70: =E59*1.5*((1.3+3.5)/2) -> 724.104 | F70: =VLOOKUP(C70,'SI9.25+C199+D7.25+F7.25+SC7.25'!$A$2:$D$95600,4, FALSE) -> 5.96 | G70: =ROUND(E70*F70,2) -> 4315.66 | H70: =IF(K70="",$G$9,$G$8) -> 0.2334 | I70: =ROUND(F70*H70+F70,2) -> 7.35 | J70: =ROUND(E70*I70,2) -> 5322.16 | L70: COMPRIMENTO TOTAL DO COLETOR * LARGURA DA VALA * ALTURA MÉDIA DA VALA,
A71: 3.3.2 | B71: =VLOOKUP(C71,'SI9.25+C199+D7.25+F7.25+SC7.25'!$A$2:$D$95560,2, FALSE) -> REATERRO MANUAL DE VALAS, COM COMPACTADOR DE SOLOS DE PERCUSSÃO. AF_08/2023 | C71: 93382 | D71: =VLOOKUP(C71,'SI9.25+C199+D7.25+F7.25+SC7.25'!$A$2:$D$95560,3, FALSE) -> M3 | E71: =E70*0.3 -> 217.2312 | F71: =VLOOKUP(C71,'SI9.25+C199+D7.25+F7.25+SC7.25'!$A$2:$D$95600,4, FALSE) -> 32.75 | G71: =ROUND(E71*F71,2) -> 7114.32 | H71: =IF(K71="",$G$9,$G$8) -> 0.2334 | I71: =ROUND(F71*H71+F71,2) -> 40.39 | J71: =ROUND(E71*I71,2) -> 8773.97 | L71: PARCELA DE REATERRO MANUAL ACIMA DA TUBULAÇÃO (30 cm) COM COMPACTAÇÃO MECANIZADA
A72: 3.3.3 | B72: =VLOOKUP(C72,'SI9.25+C199+D7.25+F7.25+SC7.25'!$A$2:$D$95560,2, FALSE) -> REATERRO MECANIZADO DE VALA COM ESCAVADEIRA HIDRÁULICA (CAPACIDADE DA CAÇAMBA: 0,8 M³/POTÊNCIA: 111 HP), LARGURA DE 1,5 A 2,5 M, PROFUNDIDADE DE 3,0 A 6,0 M, COM SOLO (SEM SUBSTITUIÇÃO) DE 1ª CATEGORIA, COM PLACA VIBRATÓRIA. AF_08/2023 | C72: 104732 | D72: =VLOOKUP(C72,'SI9.25+C199+D7.25+F7.25+SC7.25'!$A$2:$D$95560,3, FALSE) -> M3 | E72: =E70-E71-(E59*(PI()*(0.3^2))/4)-E62 -> 475.21305 | F72: =VLOOKUP(C72,'SI9.25+C199+D7.25+F7.25+SC7.25'!$A$2:$D$95600,4, FALSE) -> 10.93 | G72: =ROUND(E72*F72,2) -> 5194.08 | H72: =IF(K72="",$G$9,$G$8) -> 0.2334 | I72: =ROUND(F72*H72+F72,2) -> 13.48 | J72: =ROUND(E72*I72,2) -> 6405.87 | L72: REATERRO ACIMA DA TUBULAÇÃO DESCONTANDO-SE LASTROS, EMBASAMENTO E BASE DE PAVIMENTO
A73: 3.3.4 | B73: =VLOOKUP(C73,'SI9.25+C199+D7.25+F7.25+SC7.25'!$A$2:$D$95560,2, FALSE) -> CARGA, MANOBRA E DESCARGA DE SOLOS E MATERIAIS GRANULARES EM CAMINHÃO BASCULANTE 6 M³ - CARGA COM ESCAVADEIRA HIDRÁULICA (CAÇAMBA DE 1,20 M³ / 155 HP) E DESCARGA LIVRE (UNIDADE: M3). AF_07/2020 | C73: 100977 | D73: =VLOOKUP(C73,'SI9.25+C199+D7.25+F7.25+SC7.25'!$A$2:$D$95560,3, FALSE) -> M3 | E73: =E70-E71-E72 -> 31.659749 | F73: =VLOOKUP(C73,'SI9.25+C199+D7.25+F7.25+SC7.25'!$A$2:$D$95600,4, FALSE) -> 8.24 | G73: =ROUND(E73*F73,2) -> 260.88 | H73: =IF(K73="",$G$9,$G$8) -> 0.2334 | I73: =ROUND(F73*H73+F73,2) -> 10.16 | J73: =ROUND(E73*I73,2) -> 321.66 | L73: TOTAL ESCAVADO MENOS O TOTAL REATERRADO
A74: 3.3.5 | B74: =VLOOKUP(C74,'SI9.25+C199+D7.25+F7.25+SC7.25'!$A$2:$D$95560,2, FALSE) -> TRANSPORTE COM CAMINHÃO BASCULANTE DE 6 M³, EM VIA URBANA PAVIMENTADA, DMT ATÉ 30 KM (UNIDADE: M3XKM). AF_07/2020 | C74: 97914 | D74: =VLOOKUP(C74,'SI9.25+C199+D7.25+F7.25+SC7.25'!$A$2:$D$95560,3, FALSE) -> M3XKM | E74: =E73*L7 -> 189.95849 | F74: =VLOOKUP(C74,'SI9.25+C199+D7.25+F7.25+SC7.25'!$A$2:$D$95600,4, FALSE) -> 3.1 | G74: =ROUND(E74*F74,2) -> 588.87 | H74: =IF(K74="",$G$9,$G$8) -> 0.2334 | I74: =ROUND(F74*H74+F74,2) -> 3.82 | J74: =ROUND(E74*I74,2) -> 725.64 | L74: TOTAL CARREGADO * DISTANCIA DO BOTA FORA
A75: 3.3.6 | B75: =VLOOKUP(C75,'SI9.25+C199+D7.25+F7.25+SC7.25'!$A$2:$D$95560,2, FALSE) -> ESPALHAMENTO DE MATERIAL COM TRATOR DE ESTEIRAS. AF_09/2024 | C75: 100574 | D75: =VLOOKUP(C75,'SI9.25+C199+D7.25+F7.25+SC7.25'!$A$2:$D$95560,3, FALSE) -> M3 | E75: =E73 -> 31.659749 | F75: =VLOOKUP(C75,'SI9.25+C199+D7.25+F7.25+SC7.25'!$A$2:$D$95600,4, FALSE) -> 1.5 | G75: =ROUND(E75*F75,2) -> 47.49 | H75: =IF(K75="",$G$9,$G$8) -> 0.2334 | I75: =ROUND(F75*H75+F75,2) -> 1.85 | J75: =ROUND(E75*I75,2) -> 58.57 | L75: TOTAL CARREGADO
B76: SUB-TOTAL | G76: =SUM(G70:G75) -> 17521.3 | J76: =SUM(J70:J75) -> 21607.87
A77: 3.4 | B77: EMBASAMENTO
A78: 3.4.1 | B78: =VLOOKUP(C78,'SI9.25+C199+D7.25+F7.25+SC7.25'!$A$2:$D$95560,2, FALSE) -> AREIA PARA ATERRO - POSTO JAZIDA/FORNECEDOR (RETIRADO NA JAZIDA, SEM TRANSPORTE) | C78: 368 | D78: =VLOOKUP(C78,'SI9.25+C199+D7.25+F7.25+SC7.25'!$A$2:$D$95560,3, FALSE) -> M3 | E78: =E59*0.05*1.5 -> 15.0855 | F78: =VLOOKUP(C78,'SI9.25+C199+D7.25+F7.25+SC7.25'!$A$2:$D$95600,4, FALSE) -> 42.5 | G78: =ROUND(E78*F78,2) -> 641.13 | H78: =IF(K78="",$G$9,$G$8) -> 0.2334 | I78: =ROUND(F78*H78+F78,2) -> 52.42 | J78: =ROUND(E78*I78,2) -> 790.78
A79: 3.4.2 | B79: =VLOOKUP(C79,'SI9.25+C199+D7.25+F7.25+SC7.25'!$A$2:$D$95560,2, FALSE) -> CARGA, MANOBRA E DESCARGA DE SOLOS E MATERIAIS GRANULARES EM CAMINHÃO BASCULANTE 6 M³ - CARGA COM ESCAVADEIRA HIDRÁULICA (CAÇAMBA DE 1,20 M³ / 155 HP) E DESCARGA LIVRE (UNIDADE: M3). AF_07/2020 | C79: 100977 | D79: =VLOOKUP(C79,'SI9.25+C199+D7.25+F7.25+SC7.25'!$A$2:$D$95560,3, FALSE) -> M3 | E79: =E78 -> 15.0855 | F79: =VLOOKUP(C79,'SI9.25+C199+D7.25+F7.25+SC7.25'!$A$2:$D$95600,4, FALSE) -> 8.24 | G79: =ROUND(E79*F79,2) -> 124.3 | H79: =IF(K79="",$G$9,$G$8) -> 0.2334 | I79: =ROUND(F79*H79+F79,2) -> 10.16 | J79: =ROUND(E79*I79,2) -> 153.27 | L79: TOTAL DE AREIA CARREGADO NA JAZIDA (ESP = 5 cm)
A80: 3.4.3 | B80: =VLOOKUP(C80,'SI9.25+C199+D7.25+F7.25+SC7.25'!$A$2:$D$95560,2, FALSE) -> TRANSPORTE COM CAMINHÃO BASCULANTE DE 6 M³, EM VIA URBANA PAVIMENTADA, DMT ATÉ 30 KM (UNIDADE: M3XKM). AF_07/2020 | C80: 97914 | D80: =VLOOKUP(C80,'SI9.25+C199+D7.25+F7.25+SC7.25'!$A$2:$D$95560,3, FALSE) -> M3XKM | E80: =E79*L9 -> 120.684 | F80: =VLOOKUP(C80,'SI9.25+C199+D7.25+F7.25+SC7.25'!$A$2:$D$95600,4, FALSE) -> 3.1 | G80: =ROUND(E80*F80,2) -> 374.12 | H80: =IF(K80="",$G$9,$G$8) -> 0.2334 | I80: =ROUND(F80*H80+F80,2) -> 3.82 | J80: =ROUND(E80*I80,2) -> 461.01 | L80: TOTAL CARREGADO * DISTÂNCIA A PARTIR DA JAZIDA
B81: SUB-TOTAL | G81: =SUM(G78:G80) -> 1139.55 | J81: =SUM(J78:J80) -> 1405.06
A82: 3.5 | B82: ESCORAMENTO
A83: 3.5.1 | B83: =VLOOKUP(C83,'SI9.25+C199+D7.25+F7.25+SC7.25'!$A$2:$D$95560,2, FALSE) -> ESCORAMENTO DE VALA, TIPO DESCONTÍNUO, COM PROFUNDIDADE DE 3,0 A 4,5 M, LARGURA MAIOR OU IGUAL A 1,5 E MENOR QUE 2,5 M. AF_08/2020 | C83: 101581 | D83: =VLOOKUP(C83,'SI9.25+C199+D7.25+F7.25+SC7.25'!$A$2:$D$95560,3, FALSE) -> M2 | E83: =E59*2*((1.3+3.5)/2) -> 965.472 | F83: =VLOOKUP(C83,'SI9.25+C199+D7.25+F7.25+SC7.25'!$A$2:$D$95600,4, FALSE) -> 47.85 | G83: =ROUND(E83*F83,2) -> 46197.84 | H83: =IF(K83="",$G$9,$G$8) -> 0.2334 | I83: =ROUND(F83*H83+F83,2) -> 59.02 | J83: =ROUND(E83*I83,2) -> 56982.16 | L83: COMPRIMENTO TOTAL DO COLETOR * PROFUNDIDADE MÉDIA DA VALA * 2 LADOS DA VALA
B84: SUB-TOTAL | G84: =SUM(G83:G83) -> 46197.84 | J84: =SUM(J83) -> 56982.16
A85: 3.6 | B85: ESGOTAMENTO
A86: 3.6.1 | B86: =VLOOKUP(C86,'SI9.25+C199+D7.25+F7.25+SC7.25'!$A$2:$D$95560,2, FALSE) -> LOCACAO DE BOMBA SUBMERSIVEL PARA DRENAGEM E ESGOTAMENTO, MOTOR ELETRICO TRIFASICO, POTENCIA DE 1 CV, DIAMETRO DE RECALQUE DE 2". FAIXA DE OPERACAO Q=25 M3/H (+ OU - 1 M3/H) E AMT=2 M, Q=12 M3/H (+ OU - 2 M3/H) E AMT = 12 M (+ OU - 2 M) | C86: 4084 | D86: =VLOOKUP(C86,'SI9.25+C199+D7.25+F7.25+SC7.25'!$A$2:$D$95560,3, FALSE) -> H | E86: =30*24*3 -> 2160 | F86: =VLOOKUP(C86,'SI9.25+C199+D7.25+F7.25+SC7.25'!$A$2:$D$95600,4, FALSE) -> 2.48 | G86: =ROUND(E86*F86,2) -> 5356.8 | H86: =IF(K86="",$G$9,$G$8) -> 0.2334 | I86: =ROUND(F86*H86+F86,2) -> 3.06 | J86: =ROUND(E86*I86,2) -> 6609.6 | L86: 30 DIAS DE OBRA * BOMBEAMENTO DO LENÇOL 24 HORAS POR DIA * 3 EQUIPAMENTOS
B87: SUB-TOTAL | G87: =SUM(G86) -> 5356.8 | J87: =SUM(J86) -> 6609.6
A88: 3.7 | B88: HIDRÁULICA
A89: 3.7.1 | B89: =VLOOKUP(C89,'SI9.25+C199+D7.25+F7.25+SC7.25'!$A$2:$D$95560,2, FALSE) -> Tubo PVC rígido, tipo Coletor Esgoto, junta elástica, DN= 250 mm, inclusive conexões | C89: 46.05.060 | D89: =VLOOKUP(C89,'SI9.25+C199+D7.25+F7.25+SC7.25'!$A$2:$D$95560,3, FALSE) -> M | E89: =E59-E90 -> 191.18 | F89: =VLOOKUP(C89,'SI9.25+C199+D7.25+F7.25+SC7.25'!$A$2:$D$95600,4, FALSE) -> 169.5 | G89: =ROUND(E89*F89,2) -> 32405.01 | H89: =IF(K89="",$G$9,$G$8) -> 0.1785 | I89: =ROUND(F89*H89+F89,2) -> 199.76 | J89: =ROUND(E89*I89,2) -> 38190.12 | K89: * | L89: COMPRIMENTO TOTAL DO COLETOR DN 250
A90: 3.7.2 | B90: =VLOOKUP(C90,'SI9.25+C199+D7.25+F7.25+SC7.25'!$A$2:$D$95560,2, FALSE) -> TUBO DE CONCRETO PARA REDES COLETORAS DE ESGOTO SANITÁRIO, DIÂMETRO DE 600 MM, JUNTA ELÁSTICA, INSTALADO EM LOCAL COM BAIXO NÍVEL DE INTERFERÊNCIAS - FORNECIMENTO E ASSENTAMENTO. AF_03/2024 | C90: 92839 | D90: =VLOOKUP(C90,'SI9.25+C199+D7.25+F7.25+SC7.25'!$A$2:$D$95560,3, FALSE) -> M | E90: 9.96 | F90: =VLOOKUP(C90,'SI9.25+C199+D7.25+F7.25+SC7.25'!$A$2:$D$95600,4, FALSE) -> 565.99 | G90: =ROUND(E90*F90,2) -> 5637.26 | H90: =IF(K90="",$G$9,$G$8) -> 0.1785 | I90: =ROUND(F90*H90+F90,2) -> 667.02 | J90: =ROUND(E90*I90,2) -> 6643.52 | K90: * | L90: COMPRIMENTO TOTAL DO COLETOR DN 600
A91: 3.7.3 | B91: =VLOOKUP(C91,'SI9.25+C199+D7.25+F7.25+SC7.25'!$A$2:$D$95560,2, FALSE) -> ASSENTAMENTO DE TUBO DE PVC DEFOFO OU PRFV OU RPVC PARA REDE DE ÁGUA, DN 250 MM, JUNTA ELÁSTICA INTEGRADA, INSTALADO EM LOCAL COM NÍVEL BAIXO DE INTERFERÊNCIAS (NÃO INCLUI FORNECIMENTO). AF_05/2024 | C91: 97136 | D91: =VLOOKUP(C91,'SI9.25+C199+D7.25+F7.25+SC7.25'!$A$2:$D$95560,3, FALSE) -> M | E91: =E89 -> 191.18 | F91: =VLOOKUP(C91,'SI9.25+C199+D7.25+F7.25+SC7.25'!$A$2:$D$95600,4, FALSE) -> 10.83 | G91: =ROUND(E91*F91,2) -> 2070.48 | H91: =IF(K91="",$G$9,$G$8) -> 0.2334 | I91: =ROUND(F91*H91+F91,2) -> 13.36 | J91: =ROUND(E91*I91,2) -> 2554.16 | L91: COMPRIMENTO TOTAL DO COLETOR DN 250
A92: 3.7.4 | B92: =VLOOKUP(C92,'SI9.25+C199+D7.25+F7.25+SC7.25'!$A$2:$D$95560,2, FALSE) -> ASSENTAMENTO DE TUBO DE CONCRETO PARA REDES COLETORAS DE ESGOTO SANITÁRIO, DIÂMETRO DE 600 MM, JUNTA ELÁSTICA, INSTALADO EM LOCAL COM BAIXO NÍVEL DE INTERFERÊNCIAS (NÃO INCLUI FORNECIMENTO). AF_03/2024 | C92: 92840 | D92: =VLOOKUP(C92,'SI9.25+C199+D7.25+F7.25+SC7.25'!$A$2:$D$95560,3, FALSE) -> M | E92: =E90 -> 9.96 | F92: =VLOOKUP(C92,'SI9.25+C199+D7.25+F7.25+SC7.25'!$A$2:$D$95600,4, FALSE) -> 43.36 | G92: =ROUND(E92*F92,2) -> 431.87 | H92: =IF(K92="",$G$9,$G$8) -> 0.2334 | I92: =ROUND(F92*H92+F92,2) -> 53.48 | J92: =ROUND(E92*I92,2) -> 532.66 | L92: COMPRIMENTO TOTAL DO COLETOR DN 600
B93: SUB-TOTAL | G93: =SUM(G89:G92) -> 40544.62 | J93: =SUM(J89:J92) -> 47920.46
A94: 3.8 | B94: PV's
A95: 3.8.1 | B95: =VLOOKUP(C95,'SI9.25+C199+D7.25+F7.25+SC7.25'!$A$2:$D$95560,2, FALSE) -> BASE PARA POÇO DE VISITA CIRCULAR PARA ESGOTO, EM CONCRETO PRÉ-MOLDADO, DIÂMETRO INTERNO = 1,20 M, PROFUNDIDADE = 1,60 M, EXCLUINDO TAMPÃO. AF_12/2020 | C95: 102139 | D95: =VLOOKUP(C95,'SI9.25+C199+D7.25+F7.25+SC7.25'!$A$2:$D$95560,3, FALSE) -> UN | E95: 1 | F95: =VLOOKUP(C95,'SI9.25+C199+D7.25+F7.25+SC7.25'!$A$2:$D$95600,4, FALSE) -> 1810.89 | G95: =ROUND(E95*F95,2) -> 1810.89 | H95: =IF(K95="",$G$9,$G$8) -> 0.2334 | I95: =ROUND(F95*H95+F95,2) -> 2233.55 | J95: =ROUND(E95*I95,2) -> 2233.55 | L95: TOTAL DE PVs DO COLETOR COM PROFUNDIDADE ENTRE 3,20 E 3,50
A96: 3.8.2 | B96: =VLOOKUP(C96,'SI9.25+C199+D7.25+F7.25+SC7.25'!$A$2:$D$95560,2, FALSE) -> ACRÉSCIMO PARA POÇO DE VISITA CIRCULAR PARA DRENAGEM, EM CONCRETO PRÉ-MOLDADO, DIÂMETRO INTERNO = 1,2 M. AF_12/2020 | C96: 99240 | D96: =VLOOKUP(C96,'SI9.25+C199+D7.25+F7.25+SC7.25'!$A$2:$D$95560,3, FALSE) -> M | E96: =3.5-1.35 -> 2.15 | F96: =VLOOKUP(C96,'SI9.25+C199+D7.25+F7.25+SC7.25'!$A$2:$D$95600,4, FALSE) -> 796.47 | G96: =ROUND(E96*F96,2) -> 1712.41 | H96: =IF(K96="",$G$9,$G$8) -> 0.2334 | I96: =ROUND(F96*H96+F96,2) -> 982.37 | J96: =ROUND(E96*I96,2) -> 2112.1 | L96: TOTAL DE PVs DO COLETOR COM PROFUNDIDADE ENTRE 3,20 E 3,50
A97: 3.8.3 | B97: =VLOOKUP(C97,'SI9.25+C199+D7.25+F7.25+SC7.25'!$A$2:$D$95560,2, FALSE) -> BASE PARA POÇO DE VISITA CIRCULAR PARA ESGOTO, EM CONCRETO PRÉ-MOLDADO, DIÂMETRO INTERNO = 1,0 M, PROFUNDIDADE = 1,35 M, EXCLUINDO TAMPÃO. AF_12/2020 | C97: 98410 | D97: =VLOOKUP(C97,'SI9.25+C199+D7.25+F7.25+SC7.25'!$A$2:$D$95560,3, FALSE) -> UN | E97: 3 | F97: =VLOOKUP(C97,'SI9.25+C199+D7.25+F7.25+SC7.25'!$A$2:$D$95600,4, FALSE) -> 1321.28 | G97: =ROUND(E97*F97,2) -> 3963.84 | H97: =IF(K97="",$G$9,$G$8) -> 0.2334 | I97: =ROUND(F97*H97+F97,2) -> 1629.67 | J97: =ROUND(E97*I97,2) -> 4889.01
A98: 3.8.4 | B98: =VLOOKUP(C98,'SI9.25+C199+D7.25+F7.25+SC7.25'!$A$2:$D$95560,2, FALSE) -> ACRÉSCIMO PARA POÇO DE VISITA CIRCULAR PARA DRENAGEM, EM CONCRETO PRÉ-MOLDADO, DIÂMETRO INTERNO = 1 M. AF_12/2020 | C98: 99288 | D98: =VLOOKUP(C98,'SI9.25+C199+D7.25+F7.25+SC7.25'!$A$2:$D$95560,3, FALSE) -> M | E98: =(3-1.35+2.5-1.35+2-1.35) -> 3.45 | F98: =VLOOKUP(C98,'SI9.25+C199+D7.25+F7.25+SC7.25'!$A$2:$D$95600,4, FALSE) -> 598.31 | G98: =ROUND(E98*F98,2) -> 2064.17 | H98: =IF(K98="",$G$9,$G$8) -> 0.2334 | I98: =ROUND(F98*H98+F98,2) -> 737.96 | J98: =ROUND(E98*I98,2) -> 2545.96
A99: 3.8.5 | B99: =VLOOKUP(C99,'SI9.25+C199+D7.25+F7.25+SC7.25'!$A$2:$D$95560,2, FALSE) -> TAMPAO FOFO ARTICULADO, COM BASE / REQUADRO, CLASSE D400 CARGA MAX 40 T, REDONDO, TAMPA 600 MM (COM INSCRICAO EM RELEVO DO TIPO DE REDE) | C99: 21090 | D99: =VLOOKUP(C99,'SI9.25+C199+D7.25+F7.25+SC7.25'!$A$2:$D$95560,3, FALSE) -> UN | E99: =E95+E97 -> 4 | F99: =VLOOKUP(C99,'SI9.25+C199+D7.25+F7.25+SC7.25'!$A$2:$D$95600,4, FALSE) -> 687.9 | G99: =ROUND(E99*F99,2) -> 2751.6 | H99: =IF(K99="",$G$9,$G$8) -> 0.2334 | I99: =ROUND(F99*H99+F99,2) -> 848.46 | J99: =ROUND(E99*I99,2) -> 3393.84
B100: SUB-TOTAL | G100: =SUM(G95:G99) -> 12302.91 | J100: =SUM(J95:J99) -> 15174.46
...

Sheet CRONOCRAMA FÍSICO FINANC
A1: CRONOGRAMA FÍSICO-FINANCEIRO - REDES DE INTERLIGAÇÃO E NOVA EEEB PARAÍSO - SERTÃOZINHO/SP
A2: ='ORC. JD PARAÍSO'!$A$8 -> DATA BASE: SINAPI SET/2025 e CDHU 199 | I2: BDI - MATERIAL | J2: ='ORC. JD PARAÍSO'!$G$8 -> 0.1785
I3: BDI - SERVIÇOS | J3: ='ORC. JD PARAÍSO'!$G$9 -> 0.2334 | N3: =#REF!*2.5% -> #REF!
A4: CRONOGRAMA FISICO-FINANCEIRO
A5: ITEM | B5: DESCRIÇÃO DOS SERVIÇOS | C5: DURAÇÃO (MESES) | E5: TOTAL | F5: MÊS 1 | G5: MÊS 2 | H5: MÊS 3 | I5: MÊS 4 | J5: MÊS 5
A6: 1 | B6: ='ORC. JD PARAÍSO'!B12 -> SERVIÇOS GERAIS
A7: ='ORC. JD PARAÍSO'!A13 -> 1.1 | B7: ='ORC. JD PARAÍSO'!B13 -> GERAL | C7: 5 | D7: Total | E7: ='ORC. JD PARAÍSO'!$J$17 -> 16268.02
F8: =E7/C7 -> 3253.604 | G8: =F8 -> 3253.604 | H8: =G8 -> 3253.604 | I8: =H8 -> 3253.604 | J8: =I8 -> 3253.604
A10: 2 | B10: ='ORC. JD PARAÍSO'!$B$18 -> REDES DE INTERLIGAÇÃO ENTRE O SISTEMA EXISTENTE E A NOVA EEEB
A11: 2.1 | B11: ='ORC. JD PARAÍSO'!$B$19 -> REDES DE INTERLIGAÇÃO ENTRE O SISTEMA EXISTENTE E A NOVA EEEB - REDE DE INTERLIGAÇÃO 01 | C11: 1 | D11: Total | E11: ='ORC. JD PARAÍSO'!$J$19 -> 63776.64
F12: =E11/C11 -> 63776.64
A14: 3 | B14: ='ORC. JD PARAÍSO'!$B$18 -> REDES DE INTERLIGAÇÃO ENTRE O SISTEMA EXISTENTE E A NOVA EEEB
A15: 2.2 | B15: ='ORC. JD PARAÍSO'!$B$52 -> REDES DE INTERLIGAÇÃO ENTRE O SISTEMA EXISTENTE E A NOVA EEEB - REDE DE INTERLIGAÇÃO 02 | C15: 1 | D15: Total | E15: ='ORC. JD PARAÍSO'!$J$52 -> 176084.1
G16: =E15/C15 -> 176084.1
A18: 4 | B18: ='ORC. JD PARAÍSO'!$B$18 -> REDES DE INTERLIGAÇÃO ENTRE O SISTEMA EXISTENTE E A NOVA EEEB
A19: 2.3 | B19: ='ORC. JD PARAÍSO'!$B$101 -> REDES DE INTERLIGAÇÃO ENTRE O SISTEMA EXISTENTE E A NOVA EEEB - REDE DE INTERLIGAÇÃO 03 | C19: 1 | D19: Total | E19: ='ORC. JD PARAÍSO'!$J$101 -> 16538.25
G20: =E19/C19 -> 16538.25
A22: 5 | B22: ='ORC. JD PARAÍSO'!B130 -> ESTAÇÃO ELEVATÓRIA DE ESGOTO BRUTO JARDIM PARAÍSO
A23: 5.1 | B23: ='ORC. JD PARAÍSO'!B131 -> SERVIÇOS PRELIMINARES | C23: 1 | D23: Total | E23: ='ORC. JD PARAÍSO'!$J$134 -> 5337.33
F24: =E23/C23 -> 5337.33
A26: 5.2 | B26: ='ORC. JD PARAÍSO'!B135 -> MOVIMENTO DE TERRA | C26: 2 | D26: Total | E26: ='ORC. JD PARAÍSO'!$J$141 -> 30330.45
F27: =E26/C26 -> 15165.225 | G27: =F27 -> 15165.225
A29: 5.3 | B29: ='ORC. JD PARAÍSO'!B142 -> ESGOTAMENTO | C29: 3 | D29: Total | E29: ='ORC. JD PARAÍSO'!J144 -> 19828.8
F30: =E29/C29 -> 6609.6 | G30: =F30 -> 6609.6 | H30: =G30 -> 6609.6
A32: 5.4 | B32: ='ORC. JD PARAÍSO'!B145 -> PV DE ENTRADA | C32: 1 | D32: Total | E32: ='ORC. JD PARAÍSO'!$J$149 -> 5569.41
H33: =E32/C32 -> 5569.41
A35: 5.5 | B35: ='ORC. JD PARAÍSO'!B150 -> ESTRUTURAS POÇO DO BOOSTER EM LINHA | C35: 2 | D35: Total | E35: ='ORC. JD PARAÍSO'!$J$162 -> 81640.42
G36: =E35/C35 -> 40820.21 | H36: =G36 -> 40820.21
A38: 5.6 | B38: ='ORC. JD PARAÍSO'!$B$163 -> ESTRUTURAS CAIXA DO MEDIDOR DE VAZÃO | C38: 1 | D38: Total | E38: ='ORC. JD PARAÍSO'!$J$170 -> 19146.18
H39: =E38/C38 -> 19146.18
A41: 5.7 | B41: ='ORC. JD PARAÍSO'!B171 -> EQUIPAMENTOS E SERRALHERIA | C41: 2 | D41: Total | E41: ='ORC. JD PARAÍSO'!$J$184 -> 1328235.5
H42: =E41/C41 -> 664117.76 | I42: =H42 -> 664117.76
A44: 5.8 | B44: ='ORC. JD PARAÍSO'!B185 -> HIDRÁULICA | C44: 1 | D44: Total | E44: ='ORC. JD PARAÍSO'!$J$200 -> 78893.77
I45: =E44/C44 -> 78893.77
A47: 5.9 | B47: ='ORC. JD PARAÍSO'!B201 -> INSTALAÇÕES ELÉTRICAS | C47: 2 | D47: Total | E47: ='ORC. JD PARAÍSO'!$J$258+'ORC. JD PARAÍSO'!$J$320+'ORC. JD PARAÍSO'!$J$337+'ORC. JD PARAÍSO'!$J$348+'ORC. JD PARAÍSO'!$J$364+'ORC. JD PARAÍSO'!$J$385+'ORC. JD PARAÍSO'!$J$393+'ORC. JD PARAÍSO'!$J$402+'ORC. JD PARAÍSO'!$J$406+'ORC. JD PARAÍSO'!$J$409 -> 384773.98
I48: =E47/C47 -> 192386.99 | J48: =I48 -> 192386.99
A50: 5.10 | B50: ='ORC. JD PARAÍSO'!B410 -> URBANISMO | C50: 1 | D50: Total | E50: ='ORC. JD PARAÍSO'!$J$418 -> 91481.34
J51: =E50/C50 -> 91481.34
A53: 6 | B53: ='ORC. JD PARAÍSO'!$B$420 -> LINHA DE RECALQUE ENTRE A EEEB NOVA E A EEEB ANTIGA
A54: 6.1 | B54: ='ORC. JD PARAÍSO'!$B$421 -> EMBASAMENTO | C54: 1 | D54: Total | E54: ='ORC. JD PARAÍSO'!$J$423 -> 9292.76
G55: =E54/C54 -> 9292.76
A57: 6.2 | B57: ='ORC. JD PARAÍSO'!$B$424 -> HIDRÁULICA | C57: 2 | D57: Total | E57: ='ORC. JD PARAÍSO'!$J$427 -> 100354.79
G58: =E57/C57 -> 50177.395 | H58: =G58 -> 50177.395
C61: SOMA MENSAL | D61: Convenente | F61: =SUM(F7:F59) -> 94142.399 | G61: =SUM(G7:G59) -> 317941.14 | H61: =SUM(H7:H59) -> 789694.16 | I61: =SUM(I7:I59) -> 938652.12 | J61: =SUM(J7:J59) -> 287121.93
C62: SOMA TOTAL | D62: Concedente | F62: =F61 -> 94142.399 | G62: =G61+F62 -> 412083.54 | H62: =H61+G62 -> 1201777.7 | I62: =I61+H62 -> 2140429.8 | J62: =J61+I62 -> 2427551.8
W63: =SUM(P61:P62) -> 0
B65: Prefeitura Municipal de Sertãozinho | G65: ENG Consultoria e Projetos Ltda.
G66: Pedro Ivo de Almeida Santos
G67: CREA: 5061115668 ART: 92221220161202749

Sheet SI9.25+C199+D7.25+F7.25+SC7.25
A1: SINAPI - Sistema Nacional de Pesquisa de Custos e Índices da Construção Civil
A2: RELATÓRIO DE PREÇOS DE INSUMOS - ENCARGOS SOCIAIS COM DESONERAÇÃO
A3: SINAPI - Sistema Nacional de Pesquisa de Custos e Índices da Construção Civil
A4: RELATÓRIO DE PREÇOS DE INSUMOS - ENCARGOS SOCIAIS COM DESONERAÇÃO
A5: 07/2025 | C5: Encargos sociais sobre a mão de obra:
A6: 12/08/2025 | C6: (COM DESONERAÇÃO) | D6: SP
C7: Localidade | D7: SAO PAULO
A8: %AS (porcentagem Atribuído São Paulo) corresponde a porcentagem do custo total da | C8: Horista | D8: 0.927
A9: composição que foi obtida utilizando preços de insumos de São Paulo por indisponibilidade | C9: Mensalista | D9: 0.5338
A10: dos preços de insumos necessários à composição no estado em questão. Custo zerado (hífen)
A11: indica que pelo menos um dos itens da composição não tem custo/preço. | D11: SP
A12: Código da Composição | B12: Descrição | C12: Unidade | D12: Custo (R$)
A13: 104658 | B13: PISO PODOTÁTIL DE ALERTA OU DIRECIONAL, DE CONCRETO, ASSENTADO SOBRE ARGAMASSA. AF_03/2024 | C13: M2 | D13: 193.34
A14: 105002 | B14: RAMPA DE ACESSIBILIDADE EM CONCRETO MOLDADO IN LOCO, EM CALÇADA NOVA COM LARGURA MAIOR OU IGUAL À 3,00 M, FCK 25MPA, COM PISO PODOTÁTIL. AF_03/2024 | C14: UN | D14: 745.26
A15: 105004 | B15: RAMPA DE ACESSIBILIDADE EM CONCRETO MOLDADO IN LOCO, EM CALÇADA NOVA COM LARGURA MENOR À 3,00 M, FCK 25MPA, COM PISO PODOTÁTIL. AF_03/2024 | C15: M2 | D15: 125.92
A16: 105003 | B16: RAMPA DE ACESSIBILIDADE EM CONCRETO MOLDADO IN LOCO, EM CALÇADA PRÉ EXISTENTE COM LARGURA MAIOR OU IGUAL À 3,00 M, FCK 25MPA, COM PISO PODOTÁTIL. AF_03/2024 | C16: UN | D16: 1281.67
A17: 105005 | B17: RAMPA DE ACESSIBILIDADE EM CONCRETO MOLDADO IN LOCO, EM CALÇADA PRÉ EXISTENTE COM LARGURA MENOR À 3,00 M, FCK 25MPA, COM PISO PODOTÁTIL. AF_03/2024 | C17: M2 | D17: 225.25
A18: 105006 | B18: RAMPA DE ACESSIBILIDADE EM CONCRETO PRÉ MOLDADO, EM CALÇADA NOVA COM LARGURA MAIOR OU IGUAL À 3,00 M, FCK 25MPA, COM PISO PODOTÁTIL. AF_03/2024 | C18: UN | D18: 0
A19: 104999 | B19: RAMPA DE ACESSIBILIDADE EM CONCRETO PRÉ MOLDADO, EM CALÇADA PRÉ EXISTENTE COM LARGURA MAIOR OU IGUAL À 3,00 M, FCK 25MPA, COM PISO PODOTÁTIL. AF_03/2024 | C19: UN | D19: 0
A20: 105000 | B20: RAMPA DE ACESSIBILIDADE PARA ACESSO A EDIFICAÇÕES COM INCLINAÇÃO DE 8,33% EM CONCRETO MOLDADO IN LOCO, COM LARGURA DE 1,20M, FCK 25MPA, NÃO ARMADA, COM JUNTA A CADA 2M COM CORTE À SECO. AF_03/2024 | C20: M | D20: 1498.27
A21: 105001 | B21: RAMPA DE ACESSIBILIDADE PARA ACESSO A EDIFICAÇÕES COM INCLINAÇÃO DE 8,33% EM CONCRETO MOLDADO IN LOCO, COM LARGURA DE 1,50M, FCK 25MPA, NÃO ARMADA, COM JUNTA A CADA 2M COM CORTE À SECO. AF_03/2024 | C21: M | D21: 1528.67
A22: 89306 | B22: ALVENARIA ESTRUTURAL DE BLOCOS CERÂMICOS 14X19X29, (ESPESSURA DE 14 CM), UTILIZANDO COLHER DE PEDREIRO E ARGAMASSA DE ASSENTAMENTO COM PREPARO EM BETONEIRA. AF_03/2023 | C22: M2 | D22: 102.01
A23: 89307 | B23: ALVENARIA ESTRUTURAL DE BLOCOS CERÂMICOS 14X19X29, (ESPESSURA DE 14 CM), UTILIZANDO COLHER DE PEDREIRO E ARGAMASSA DE ASSENTAMENTO COM PREPARO MANUAL. AF_03/2023 | C23: M2 | D23: 104.93
A24: 89290 | B24: ALVENARIA ESTRUTURAL DE BLOCOS CERÂMICOS 14X19X29, (ESPESSURA DE 14 CM), UTILIZANDO PALHETA E ARGAMASSA DE ASSENTAMENTO COM PREPARO EM BETONEIRA. AF_03/2023 | C24: M2 | D24: 83.4
... A9735: 103548 | B9735: VÁLVULA REDUTORA DE PRESSÃO DE FERRO FUNDIDO PARA REDE DE ÁGUA, DN 80 MM, JUNTA FLANGEADA. AF_12/2021 | C9735: UN | D9735: 0
A9742: 07/2025
A9743: 12/08/2025 | D9743: SP
D9744: SAO PAULO
A9745: C = COLETADO | B9745: CR = COEFICIENTE DE REPRESENTATIVIDADE | D9745: 0.927
D9746: 0.5338
A9749: Código do Insumo | B9749: Descrição do Insumo | C9749: Unidade | D9749: SP
A9750: 45333 | B9750: ABERTURA PARA ENCAIXE DE CUBA OU LAVATORIO EM BANCADA DE MARMORE/ GRANITO OU OUTRO TIPO DE PEDRA NATURAL | C9750: UN | D9750: 197.12
A9751: 11270 | B9751: ABRACADEIRA DE LATAO PARA FIXACAO DE CABO PARA-RAIO, DIMENSOES 32 X 24 X 24 MM | C9751: UN | D9751: 2.88
A9752: 412 | B9752: ABRACADEIRA DE NYLON PARA AMARRACAO DE CABOS, COMPRIMENTO DE *230* X *7,6* MM | C9752: UN | D9752: 1.13
A9753: 414 | B9753: ABRACADEIRA DE NYLON PARA AMARRACAO DE CABOS, COMPRIMENTO DE 100 X 2,5 MM | C9753: UN | D9753: 0.07
A9754: 410 | B9754: ABRACADEIRA DE NYLON PARA AMARRACAO DE CABOS, COMPRIMENTO DE 150 X *3,6* MM | C9754: UN | D9754: 0.17
A9755: 411 | B9755: ABRACADEIRA DE NYLON PARA AMARRACAO DE CABOS, COMPRIMENTO DE 200 X *4,6* MM | C9755: UN | D9755: 0.22
A9756: 408 | B9756: ABRACADEIRA DE NYLON PARA AMARRACAO DE CABOS, COMPRIMENTO DE 390 X *4,6* MM | C9756: UN | D9756: 1.09
A9757: 39131 | B9757: ABRACADEIRA EM ACO PARA AMARRACAO DE ELETRODUTOS, TIPO D, COM 1 1/2" E CUNHA DE FIXACAO | C9757: UN | D9757: 3.59
A9758: 394 | B9758: ABRACADEIRA EM ACO PARA AMARRACAO DE ELETRODUTOS, TIPO D, COM 1 1/2" E PARAFUSO DE FIXACAO | C9758: UN | D9758: 3.63
A9759: 39130 | B9759: ABRACADEIRA EM ACO PARA AMARRACAO DE ELETRODUTOS, TIPO D, COM 1 1/4" E CUNHA DE FIXACAO | C9759: UN | D9759: 3.27
A9760: 395 | B9760: ABRACADEIRA EM ACO PARA AMARRACAO DE ELETRODUTOS, TIPO D, COM 1 1/4" E PARAFUSO DE FIXACAO | C9760: UN | D9760: 3.5
A9761: 39129 | B9761: ABRACADEIRA EM ACO PARA AMARRACAO DE ELETRODUTOS, TIPO D, COM 1" E CUNHA DE FIXACAO | C9761: UN | D9761: 2.02
... A14642: 41096 | B14642: VIGIA DIURNO (MENSALISTA) | C14642: MES | D14642: 3758.17
B14647: COMPANHIA DE DESENVOLVIMENTO HABITACIONAL E URBANO
A14648: DO ESTADO DE SÃO PAULO
A14649: BOLETIM REFERENCIAL DE CUSTOS - TABELA DE SERVIÇOS
A14650: COM DESONERAÇÃO
D14651: Versão 199
D14652: AGO/25
C14653: BDI : | D14653: 1.0539
A14654: Referência | B14654: Descrição | C14654: Un | D14654: Custo Total
A14655: 01 | B14655: SERVICO TECNICO ESPECIALIZADO
A14656: 01.02 | B14656: Parecer técnico
A14657: 01.02.071 | B14657: Parecer técnico de fundações, contenções e recomendações gerais, para empreendimentos com área construída até 1.000 m² | C14657: UN | D14657: 6483.99
A14658: 01.02.081 | B14658: Parecer técnico de fundações, contenções e recomendações gerais, para empreendimentos com área construída de 1.001 a 2.000 m² | C14658: UN | D14658: 8622.44
A14659: 01.02.091 | B14659: Parecer técnico de fundações, contenções e recomendações gerais, para empreendimentos com área construída de 2.001 a 5.000 m² | C14659: UN | D14659: 14729.05
A14660: 01.02.101 | B14660: Parecer técnico de fundações, contenções e recomendações gerais, para empreendimentos com área construída de 5.001 a 10.000 m² | C14660: UN | D14660: 20195.27
A14661: 01.02.111 | B14661: Parecer técnico de fundações, contenções e recomendações gerais, para empreendimentos com área construída acima de 10.000 m² | C14661: UN | D14661: 23534.46
A14662: 01.06 | B14662: Projeto de instalações elétricas
A14663: 01.06.021 | B14663: Elaboração de projeto de adequação de entrada de energia elétrica junto a concessionária, com medição em baixa tensão e demanda até 75 kVA | C14663: UN | D14663: 8281.6
A14664: 01.06.031 | B14664: Elaboração de projeto de adequação de entrada de energia elétrica junto a concessionária, com medição em média tensão, subestação simplificada e demanda de 75 kVA a 300 kVA | C14664: UN | D14664: 14027.58
A14665: 01.06.032 | B14665: Elaboração de projeto de adequação de entrada de energia elétrica junto a concessionária, com medição em média tensão e demanda de 75 kVA a 300 kVA | C14665: UN | D14665: 18981.8
A14666: 01.06.041 | B14666: Elaboração de projeto de adequação de entrada de energia elétrica junto a concessionária, com medição em média tensão e demanda acima de 300 kVA a 2 MVA | C14666: UN | D14666: 25247.9
A14667: 01.17 | B14667: Projeto executivo
A14668: 01.17.031 | B14668: Projeto executivo de arquitetura em formato A1 | C14668: UN | D14668: 3262
A14669: 01.17.041 | B14669: Projeto executivo de arquitetura em formato A0 | C14669: UN | D14669: 4409.93
A14670: 01.17.051 | B14670: Projeto executivo de estrutura em formato A1 | C14670: UN | D14670: 2392.32
A14671: 01.17.061 | B14671: Projeto executivo de estrutura em formato A0 | C14671: UN | D14671: 3273.17
A14672: 01.17.071 | B14672: Projeto executivo de instalações hidráulicas em formato A1 | C14672: UN | D14672: 1027.03
A14673: 01.17.081 | B14673: Projeto executivo de instalações hidráulicas em formato A0 | C14673: UN | D14673: 1367.12
A14674: 01.17.111 | B14674: Projeto executivo de instalações elétricas em formato A1 | C14674: UN | D14674: 1140.48
A14675: 01.17.121 | B14675: Projeto executivo de instalações elétricas em formato A0 | C14675: UN | D14675: 1581.35
A14676: 01.17.151 | B14676: Projeto executivo de climatização em formato A1 | C14676: UN | D14676: 2195.21
A14677: 01.17.161 | B14677: Projeto executivo de climatização em formato A0 | C14677: UN | D14677: 2992.33
A14678: 01.17.171 | B14678: Projeto executivo de chuveiros automáticos em formato A1 | C14678: UN | D14678: 1895.21
A14679: 01.17.181 | B14679: Projeto executivo de chuveiros automáticos em formato A0 | C14679: UN | D14679: 2449.64
A14680: 01.20 | B14680: Levantamento topográfico e geofísico
A14681: 01.20.010 | B14681: Taxa de mobilização e desmobilização de equipamentos para execução de levantamento topográfico | C14681: TX | D14681: 1143.79
A14682: 01.20.280 | B14682: Levantamento planimétrico de área pavimentada para veículo e pedestre | C14682: M2 | D14682: 0.22
A14683: 01.20.691 | B14683: Levantamento planimétrico cadastral com áreas ocupadas predominantemente por comunidades - área até 20.000 m² (mínimo de 3.500 m²) | C14683: M2 | D14683: 0.97
A14684: 01.20.701 | B14684: Levantamento planimétrico cadastral com áreas ocupadas predominantemente por comunidades - área acima de 20.000 m² até 200.000 m² | C14684: M2 | D14684: 0.76
A14685: 01.20.711 | B14685: Levantamento planimétrico cadastral com áreas ocupadas predominantemente por comunidades - área acima de 200.000 m² | C14685: M2 | D14685: 0.63
A14686: 01.20.721 | B14686: Levantamento planimétrico cadastral com áreas até 50% de ocupação - área até 20.000 m² (mínimo de 3.500 m²) | C14686: M2 | D14686: 0.85
A14687: 01.20.731 | B14687: Levantamento planimétrico cadastral com áreas até 50% de ocupação - área acima de 20.000 m² até 200.000 m² | C14687: M2 | D14687: 0.69
A14688: 01.20.741 | B14688: Levantamento planimétrico cadastral com áreas até 50% de ocupação - área acima de 200.000 m² | C14688: M2 | D14688: 0.52
A14689: 01.20.751 | B14689: Levantamento planimétrico cadastral com áreas acima de 50% de ocupação - área até 20.000 m² (mínimo de 4.000 m²) | C14689: M2 | D14689: 0.76
A14690: 01.20.761 | B14690: Levantamento planimétrico cadastral com áreas acima de 50% de ocupação - área acima de 20.000 m² até 200.000 m² | C14690: M2 | D14690: 0.64
A14691: 01.20.771 | B14691: Levantamento planimétrico cadastral com áreas acima de 50% de ocupação - área acima de 200.000 m² | C14691: M2 | D14691: 0.63
A14692: 01.20.781 | B14692: Levantamento planialtimétrico cadastral com áreas ocupadas predominantemente por comunidades - área até 20.000 m² (mínimo de 3.500 m²) | C14692: M2 | D14692: 1.02
... A14706: 01.20.921 | B14706: Implantação de marcos através de levantamento com GPS (mínimo de 3 marcos) | C14706: UN | D14706: 1209.27
A14707: 01.21 | B14707: Estudo geotecnico (sondagem)
A14708: 01.21.010 | B14708: Taxa de mobilização e desmobilização de equipamentos para execução de sondagem | C14708: TX | D14708: 1316.69
A14709: 01.21.090 | B14709: Taxa de mobilização e desmobilização de equipamentos para execução de sondagem rotativa | C14709: TX | D14709: 6913.83
A14710: 01.21.100 | B14710: Sondagem do terreno a trado | C14710: M | D14710: 103
A14711: 01.21.110 | B14711: Sondagem do terreno à percussão (mínimo de 30 m) | C14711: M | D14711: 81.73
A14712: 01.21.120 | B14712: Sondagem do terreno rotativa em solo | C14712: M | D14712: 402.01
A14713: 01.21.130 | B14713: Sondagem do terreno rotativa em rocha | C14713: M | D14713: 636.1
A14714: 01.21.140 | B14714: Sondagem do terreno à percussão com a utilização de torquímetro (mínimo de 30 m) | C14714: M | D14714: 99.77
A14715: 01.23 | B14715: Tratamento, recuperação e trabalhos especiais em concreto
...
